 Dungeon Crawl Stone Soup version 0.30-a0-269-gf0224bf7b6 (webtiles) character file.

Game seed: 11550820465687699119

102 tbh1313 the Shield-Bearer (level 4, -3/28 HPs)
             Began as a Gargoyle Fighter on Oct 15, 2022.
             Slain by a black bear (6 damage)
             ... on level 4 of the Dungeon.
             The game lasted 00:04:45 (2308 turns).

tbh1313 the Shield-Bearer (Gargoyle Fighter)        Turns: 2308, Time: 00:04:46

Health: -3/28      AC: 11    Str: 22    XL:     4   Next: 78%
Magic:  4/4        EV:  9    Int:  8    God:
Gold:   161        SH:  4    Dex:  9    Spells: 3/3 levels left

rFire   + . .      SeeInvis .    n - +6 short sword "Poisal" {speed, Stlth+}
rCold   + . .      Faith    .    c - +0 buckler
rNeg    + . .      Spirit   .    b - +0 scale mail
rPois   ∞          Reflect  .    (no helmet)
rElec   +          Harm     .    j - scarf {rC+ rF+}
rCorr   .          Rampage  .    e - +0 pair of gloves
Will    .....                    (no boots)
Stlth   +.........               (no amulet)
HPRegen 0.24/turn                (no ring)
MPRegen 0.09/turn                (no ring)

@: no status effects
A: sickness immunity, AC +3, negative energy resistance 1, electricity
resistance, torment resistance 1, petrification resistance
a: no special abilities


You were on level 4 of the Dungeon.
You visited 1 branch of the dungeon, and saw 4 of its levels.

You collected 161 gold pieces.

Inventory:

Hand Weapons
 a - a +0 flail
 n - the +6 short sword "Poisal" (weapon) {speed, Stlth+}
   (You found it on level 3 of the Dungeon)

   Attacks with this weapon are significantly faster.
   Stlth:     It makes you more stealthy.
Armour
 b - a +0 scale mail (worn)
 c - a +0 buckler (worn)
 e - a +0 pair of gloves (worn)
 j - a scarf of resistance (worn)
Jewellery
 m - an amulet of magic regeneration
Potions
 d - a potion of lignification {unknown}
 f - 2 potions of heal wounds
 g - a potion of flight
 h - 6 potions of curing
 i - a potion of degeneration
 k - a potion of attraction {unknown}
 l - a potion of might


   Skills:
 - Level 3.2 Fighting
 + Level 0.0 Short Blades
 - Level 3.9 Maces & Flails
 - Level 3.2 Armour
 - Level 4.5 Shields


You had 3 spell levels left.
You didn't know any spells.
Your spell library contained the following spells:

 Spells                   Type           Power      Damage    Failure   Level
 Beastly Appendage        Tmut           0%         N/A       82%         1
 Blink                    Tloc           0%         N/A       91%         2
 Momentum Strike          Conj/Tloc      0%         3d8       91%         2
 Static Discharge         Conj/Air       0%         2-2/arc   91%         2
 Wereblood                Tmut           0%         N/A       91%         2
 Dazzling Flash           Conj/Hex       0%         N/A       99%         3
 Lesser Beckoning         Tloc           0%         N/A       99%         3
 Spider Form              Tmut/Pois      0%         N/A       99%         3
 Vhi's Electric Charge    Tloc/Air       0%         N/A       99%         3
 Agony                    Necr           0%         N/A       100%        5
 Arcjolt                  Conj/Air       0%         1d10      100%        5
 Lightning Bolt           Conj/Air       0%         1d11      100%        5
 Silence                  Hex/Air        0%         N/A       100%        5


Dungeon Overview and Level Annotations

Branches:
Dungeon (4/15)
 Temple: D:4-7

Altars:
Gozag
Qazlal
Sif Muna
Uskayaw
Wu Jian
Yredelemnul
Zin
The Shining One

Shops:
D:2 :


Innate Abilities, Weirdness & Mutations

You are immune to sickness and miasma.
Your stone body is resilient. (AC +3)
You are immune to poison.
You resist negative energy. (rN+)
You are resistant to electric shocks. (rElec)
You are resistant to unholy torment.
You are immune to petrification.


Message History

The black bear bites you.
The black bear claws you but does no damage. x2
You hit the black bear.
The black bear is heavily wounded.
You closely miss the black bear.
The black bear is heavily wounded.
The black bear bites you but does no damage.
The black bear completely misses you.
The black bear claws you but does no damage.
You completely miss the black bear.
The black bear is heavily wounded.
The black bear bites you but does no damage.
The black bear closely misses you. The black bear claws you.
You hit the black bear.
The black bear is heavily wounded.
You puncture the black bear!
The black bear is severely wounded.
You block the black bear's attack. The black bear barely misses you.
The black bear claws you but does no damage.
You barely miss the black bear.
The black bear is severely wounded.
The black bear goes berserk!
You closely miss the black bear.
The black bear is severely wounded.
The black bear barely misses you. The black bear claws you. x2
You hit the black bear.
The black bear is almost dead.
The black bear bites you. The black bear barely misses you. x2
You hit the black bear.
The black bear is almost dead.
The black bear bites you.
* * * LOW HITPOINT WARNING * * *
You block the black bear's attack. The black bear misses you.
You hit the black bear.
The black bear is almost dead.
You block the black bear's attack. The black bear claws you.
* * * LOW HITPOINT WARNING * * *
You block the black bear's attack. The black bear closely misses you.
The black bear claws you.
You die...

##.....>...#
##..........#
##...#.<.....#
##...##.......#
#...####......#
# ###.###
#.)....#.#.
##..##
#..........
##..##
##.........
##..##
#.@.......
##..##
#.h.......
...##
#......... ..##
.......... .##
#...../.... .#
#.......... ##
..........$ #
#...........


You could see a black bear (berserk).

Levels and vault maps discovered:
D:1:      arrival_zaba_pyramid, layout_loops_ring, minmay_pentomino_v2
D:2:      layout_basic, serial_shops, nicolae_shop_behind_doors, uniq_terence
D:3:      layout_loops_ring, grunt_temple_overflow_open,
          chequers_ecumenical_altar_simple
D:4:      layout_cave_pods, uniq_grinder

Notes
Turn   | Place    | Note
-------+----------+-------------------------------------------
     0 | D:1      | tbh1313 the Gargoyle Fighter began the quest for the Orb.
     0 | D:1      | Reached XP level 1. HP: 14/14 MP: 1/1
   296 | D:1      | Reached XP level 2. HP: 17/19 MP: 2/2
   973 | D:2      | Reached XP level 3. HP: 23/23 MP: 3/3
   977 | D:2      | Found Ackuag's Book Emporium.
   989 | D:2      | Reached skill level 4 in Shields
  1369 | D:2      | Reached XP level 4. HP: 28/28 MP: 4/4
  1428 | D:2      | Noticed Terence
  1434 | D:2      | Killed Terence
  1691 | D:3      | Found a faded altar of an unknown god.
  1711 | D:3      | Found a hide-covered altar of Uskayaw.
  1712 | D:3      | Found a glowing golden altar of the Shining One.
  1712 | D:3      | Found an ornate altar of the Wu Jian Council.
  1712 | D:3      | Found a basalt altar of Yredelemnul.
  1713 | D:3      | Found an opulent altar of Gozag.
  1713 | D:3      | Found a shimmering blue altar of Sif Muna.
  1713 | D:3      | Found a glowing silver altar of Zin.
  1716 | D:3      | Found a stormy altar of Qazlal.
  2102 | D:3      | Identified the +6 short sword "Poisal" {speed, Stlth+}
  2290 | D:4      | Noticed a black bear
  2308 | D:4      | Slain by a black bear

Table legend: (Time is in decaauts)
 A = Elapsed time spent in this place.
 B = Non-inter-level travel time spent in this place.
 C = Inter-level travel time spent in this place.
 D = Time resting spent in this place.
 E = Time spent auto-exploring this place.
 F = Levels seen in this place.
 G = Mean time per level.
                   A        B        C        D        E       F      G
               +--------+--------+--------+--------+--------+-----+--------+
         Total |   2350 |   2289 |     61 |     59 |   1830 |   4 |  587.5 |
       Dungeon |   2350 |   2289 |     61 |     59 |   1830 |   4 |  587.5 |
               +--------+--------+--------+--------+--------+-----+--------+

Top non-repeatable levels by time:
     D:2: 812 daAuts
     D:1: 771 daAuts
     D:3: 698 daAuts
     D:4: 68 daAuts

Table legend:
 A = Kills in this place as a percentage of kills in entire the game.
 B = Kills by you in this place as a percentage of kills by you in the entire game.
 C = Kills by friends in this place as a percentage of kills by friends in the entire game.
 D = Other kills in this place as a percentage of other kills in the entire game.
 E = Experience gained in this place as a percentage of experience gained in the entire game.
 F = Experience gained in this place divided by the number of levels of this place that you have seen.
                   A       B       C       D       E      F
               +-------+-------+-------+-------+-------+----------------------
         Total | 100.0 | 100.0 |   N/A |   N/A | 100.0 |  36.8
       Dungeon | 100.0 | 100.0 |   N/A |   N/A | 100.0 |  36.8
               +-------+-------+-------+-------+-------+----------------------

Action                   |  1- 3 |  4- 6 || total
-------------------------+-------+-------++-------
Melee: Flail             |   118 |    48 ||   166
       Short sword       |       |    15 ||    15
  Use: Scroll            |     8 |     2 ||    10
       Potion            |       |     1 ||     1
Armor: Scale mail        |    76 |    28 ||   104
Dodge: Dodged            |    47 |    25 ||    72
Block: Buckler           |    23 |    13 ||    36

Vanquished Creatures
  Terence (D:2)
  3 adders (D:2)
  A worm (D:2)
  A dart slug (D:2)
  4 orcs (D:3)
  4 ball pythons
  A bat (D:1)
  4 endoplasms
  2 giant cockroaches (D:3)
  3 goblins
  6 hobgoblins
  6 frilled lizards
  4 kobolds
  2 rats
42 creatures vanquished.
